 Dungeon Crawl Stone Soup version 0.30-a0-718-geaa24f5 (webtiles) character file.

Game seed: 17277871414619985783

4933 malesh the Thaumaturge (level 10, -1/65 HPs)
             Began as a Djinni Fire Elementalist on Jan 24, 2023.
             Was a Follower of Makhleb.
             Slain by a yak (6 damage)
             ... on level 8 of the Dungeon on Jan 25, 2023.
             The game lasted 00:39:29 (8414 turns).

malesh the Thaumaturge (Djinni Fire Elementalist)   Turns: 8414, Time: 00:39:30

Health: -1/65      AC:  7    Str:  7    XL:     10   Next: 81%
Gold:   315        EV: 17    Int: 22    God:    Makhleb [*.....] SH:  0 Dex: 13

rFire   + + .      SeeInvis +    q - +3 dagger
rCold   x . .      Faith    .    (no shield)
rNeg    . . .      Spirit   .    z - +0 acid dragon scales
rPois   ∞          Reflect  .    (no helmet)
rElec   .          Harm     .    v - +0 cloak
rCorr   +          Rampage  .    (no gloves)
Will    +....                    (boots unavailable)
Stlth   ++                       (no amulet)
HPRegen 0.30/turn                k - +5 ring of evasion
MPRegen 0.00/turn                r - ring of see invisible

@: flying, very slightly contaminated
A: sickness immunity, fire resistance 2, cold vulnerability 1, float, innate
caster, HP casting, extra vitality 1
a: Renounce Religion


You were on level 8 of the Dungeon.
You worshipped Makhleb.
Makhleb was aware of your devotion.
You visited 2 branches of the dungeon, and saw 9 of its levels.
You also visited: Sewer.

You collected 315 gold pieces.

Inventory:

Hand Weapons
 d - a +0 vampiric dagger
 h - a +3 dagger
 q - a +3 dagger (weapon)
Armour
 v - a +0 cloak (worn)
 z - +0 acid dragon scales (worn)
Jewellery
 k - a +5 ring of evasion (left hand)
 r - a ring of see invisible (right hand)
 y - a ring of wizardry
Wands
 a - a wand of flame (13)
 u - a wand of roots (4)
Scrolls
 f - 2 scrolls of silence
 i - 2 scrolls of brand weapon {unknown}
 m - a scroll of immolation {unknown}
Potions
 b - 4 potions of magic
 c - 2 potions of brilliance
 e - 7 potions of curing
 g - a potion of invisibility {unknown}
 j - 3 potions of cancellation
 l - a potion of degeneration {unknown}
 n - 2 potions of lignification {unknown}
 o - 3 potions of might
 p - 3 potions of attraction
 s - a potion of berserk rage {unknown}
 t - 2 potions of haste {unknown}
 w - a potion of mutation {unknown}
 x - a potion of ambrosia {unknown}


   Skills:
 + Level 2.6 Fighting
 + Level 2.4 Short Blades
 + Level 2.3 Armour
 + Level 5.8 Dodging
 - Level 2.0 Stealth
 + Level 10.7 Spellcasting


You had 8 spell levels left.
You knew the following spells:

 Your Spells              Type           Power      Damage    Failure   Level
a - Foxfire               Conj/Fire      100%       2x1d9     1%          1
b - Scorch                Fire           100%       2d10      1%          2
c - Kindle Blastsparks    Fire/Tloc/Air  100%       2d18      1%          3
d - Inner Flame           Hex/Fire       56%        N/A       1%          3
e - Flame Wave            Conj/Fire      56%        2d13      1%          4
f - Summon Small Mammal   Summ           100%       N/A       1%          1
g - Momentum Strike       Conj/Tloc      100%       3d10      1%          2
h - Static Discharge      Conj/Air       100%       2-7/arc   1%          2
i - Cause Fear            Hex            28%        N/A       1%          4
Your spell library was empty.

Dungeon Overview and Level Annotations

Branches:
Dungeon (8/15)             Temple (1/1) D:7           Sewer (visited)
   Lair: D:8-11

Altars:
Ashenzari
Cheibriados
Dithmenos
Elyvilon
Fedhas
Gozag
Hepliaklqana
Makhleb
Nemelex Xobeh
Okawaru
Qazlal
Ru
Trog
Uskayaw
Wu Jian
Xom
Yredelemnul
Zin
The Shining One

Annotations:
D:5 2 transporters, steven32's ghost, amateur DrVM
D:8 2 transporters


Innate Abilities, Weirdness & Mutations

You are immune to sickness and miasma.
You are immune to poison.
Your flesh is very heat resistant. (rF++)
You are vulnerable to cold. (rC-)
You float through the air rather than walking.
You learn spells naturally, not from books.
Your magical power is your life essence.
You have superior vitality. (+4 MHP)


Message History

Confirm with . or Enter, or press ? or * to list all spells.
Okay, then.
Casting: Static Discharge (safe; 1% risk of failure)
Confirm with . or Enter, or press ? or * to list all spells.
* * * LOW HITPOINT WARNING * * *
The yak barely misses you. The yak attacks as you move away!
The yak gores you but does no damage. The yak gores your quokka!
Your quokka dies!
Your quokka's corpse disappears in a puff of smoke!
Casting: Summon Small Mammal (safe; 1% risk of failure)
Confirm with . or Enter, or press ? or * to list all spells.
A cloud of volatile blastsparks flares up around you!
* * * LOW HITPOINT WARNING * * *
The cloud of blastsparks explodes!
The concussive blast engulfs the yak!
The yak is heavily wounded.
The concussive blast engulfs you! You resist.
* * * LOW HITPOINT WARNING * * *
You are knocked back by the blast.
Casting: Kindle Blastsparks (safe; 1% risk of failure)
Confirm with . or Enter, or press ? or * to list all spells.
Okay, then.
Casting: Kindle Blastsparks (safe; 1% risk of failure)
Confirm with . or Enter, or press ? or * to list all spells.
Casting: Cause Fear (dangerous; 1% risk of failure)
Press: ? - help, Dir - look around, f - activate The yak easily resists.
The yak looks frightened!
* * * LOW HITPOINT WARNING * * *
Casting: Cause Fear (dangerous; 1% risk of failure)
Confirm with . or Enter, or press ? or * to list all spells.
Casting: Cause Fear (dangerous; 1% risk of failure)
Press: ? - help, Dir - look around, f - activate You miscast Cause Fear.
You are very lightly contaminated with residual magic.
Nothing appears to happen.
* * * LOW HITPOINT WARNING * * *
Okay, then.
Okay, then.
The yak attacks as you move away! The yak gores you.
You die...

.....).#.#####.#
#.#.###########
#......Y.#####.#
#.#.#8P#o5o:...
#######........#
#÷#.#P.#≈≈≈≈≈≈≈
###..###.#
#...#./#..~~~.. ##.###.#
#..©#©.+..~♣~.. #..##.#
#...#$/#..~~~..
##..#.####...#P.#≈≈≈≈≈≈≈
##.#.Y......#8P#o. .o5
#....@..#..###### ###
##########.......... ...
#....#####.#..###### ###
###+#................
#.....)...###.##.####.#
#.........'.....>.....#
#.........###.#..#####
#.........# #.#.##
#.........# #.#.#


You could see a yak.

Vanquished Creatures
  Joseph (D:7)
  Maggie (D:7)
  Grinder (D:6)
  A hornet (D:8)
  3 yaks (D:8)
  2 wyverns (D:8)
  3 water moccasins
  2 sky beasts
  An orc warrior (D:7)
  2 black bears
  2 ice beasts (D:7)
  2 ogres
  A centaur (D:7)
  A phantom (D:6)
  A kobold brigand (D:8)
  4 necrophages
  A gnoll sergeant (D:7)
  5 scorpions
  A water moccasin skeleton (D:6)
  A howler monkey (D:5)
  3 bullfrog zombies (D:6)
  A centaur zombie (D:6)
  5 hounds
  5 jellies
  A centaur skeleton (D:6)
  An orc priest (D:6)
  A bullfrog skeleton (D:6)
  Crazy Yiuf (D:4)
  4 iguanas
  An orc wizard (D:6)
  Natasha (thrice) (D:4)
  2 killer bee zombies (D:6)
  5 adders
  11 gnolls
  3 river rats (Sewer)
  A shadow imp (D:7)
  2 white imps
  5 ufetubi
  A worm (D:3)
  6 dart slugs
  14 orcs
  12 endoplasms
  8 giant cockroaches
  5 goblins
  7 hobgoblins
  4 quokkas
  10 ball pythons
  2 bats
  7 frilled lizards
  15 kobolds
  7 rats
189 creatures vanquished.

Vanquished Creatures (collateral kills)
  A gnoll (D:4)
  6 foxfires
7 creatures vanquished.

Vanquished Creatures (others)
  333 foxfires
  9 fungi (D:4)
  10 plants
352 creatures vanquished.

Grand Total: 548 creatures vanquished

Notes
Turn   | Place    | Note
-------+----------+-------------------------------------------
     0 | D:1      | malesh the Djinni Fire Elementalist began the quest for the
                  | Orb.
     0 | D:1      | malesh set off with the following spells memorised:
                  | Foxfire, Scorch, Kindle Blastsparks, Inner Flame, Flame
                  | Wave.
     0 | D:1      | Reached XP level 1. HP: 15/15 MP: 0/0
   115 | D:1      | You are sucked into a shaft and drop 1 floor!
   159 | D:2      | Reached XP level 2. HP: 18/21 MP: 0/0
   355 | D:2      | Reached skill level 3 in Spellcasting
   377 | D:2      | Reached XP level 3. HP: 21/25 MP: 0/0
   377 | D:2      | Learned a level 1 spell: Summon Small Mammal
   904 | D:1      | Reached XP level 4. HP: 29/31 MP: 0/0
  2093 | D:4      | Found a blossoming altar of Fedhas.
  2095 | D:4      | Found a stormy altar of Qazlal.
  2118 | D:4      | Reached XP level 5. HP: 34/35 MP: 0/0
  2118 | D:4      | Learned a level 2 spell: Momentum Strike
  2136 | D:4      | Noticed Natasha
  2145 | D:4      | Killed Natasha
  2146 | D:4      | Reached skill level 4 in Spellcasting
  2223 | D:4      | Found a glowing golden altar of the Shining One.
  2237 | D:4      | Noticed Natasha
  2244 | D:4      | Killed Natasha
  2388 | D:4      | Reached XP level 6. HP: 29/40 MP: 0/0
  2493 | D:4      | Reached skill level 5 in Spellcasting
  2508 | D:3      | Upgraded the game from 0.30-a0-715-gdb4ae3e to
                  | 0.30-a0-718-geaa24f5
  2669 | D:4      | Reached XP level 7. HP: 11/45 MP: 0/0
  2669 | D:4      | Learned a level 2 spell: Static Discharge
  2926 | D:4      | Reached skill level 1 in Short Blades
  3052 | D:4      | Noticed Natasha
  3055 | D:4      | Killed Natasha
  3084 | D:4      | Found a runed translucent door.
  3085 | D:4      | Noticed Crazy Yiuf
  3246 | D:4      | Killed Crazy Yiuf
  3465 | D:5      | Entered Level 5 of the Dungeon
  3599 | D:5      | Identified the +3 pair of boots of Xeqigap {+Blink rF++ rN+
                  | Str+3}
  3672 | D:5      | Reached skill level 6 in Spellcasting
  3754 | D:5      | Found a glowing drain.
  3760 | D:5      | Reached XP level 8. HP: 37/51 MP: 0/0
  3846 | Sewer    | Entered a sewer
  3915 | Sewer    | Reached skill level 1 in Fighting
  4036 | Sewer    | Found a viscous altar of Jiyva.
  4268 | D:5      | Identified the +10 trident of Inflation {pain, +Blink}
  4268 | D:5      | Identified the +4 ring mail "Pigaon" {Drain Fly rC++ Str+9}
  4268 | D:5      | Identified the +5 kite shield of the Arena {Rampage SInv}
  4272 | D:5      | Found a transporter.
  4273 | D:5      | Noticed steven32's ghost (amateur DrVM)
  4309 | D:5      | Found a transporter.
  4637 | D:6      | Reached skill level 7 in Spellcasting
  4829 | D:6      | Found a shimmering altar of Xom.
  4834 | D:6      | Found a sparkling altar of Nemelex Xobeh.
  4835 | D:6      | Found a white marble altar of Elyvilon.
  4836 | D:6      | Found a basalt altar of Yredelemnul.
  4840 | D:6      | Found an ornate altar of the Wu Jian Council.
  4975 | D:6      | Reached XP level 9. HP: 54/58 MP: 0/0
  4975 | D:6      | Learned a level 4 spell: Cause Fear
  5111 | D:6      | Noticed Grinder
  5112 | D:6      | Paralysed by Grinder for 2 turns
  5127 | D:6      | Killed Grinder
  5128 | D:6      | Reached skill level 8 in Spellcasting
  5994 | D:7      | Noticed Joseph
  6056 | D:7      | Noticed Maggie
  6254 | D:7      | Killed Maggie
  6285 | D:7      | Reached skill level 5 in Dodging
  6285 | D:7      | Reached skill level 9 in Spellcasting
  6561 | D:7      | Reached XP level 10. HP: 62/65 MP: 0/0
  6599 | D:7      | Found a staircase to the Ecumenical Temple.
  6617 | Temple   | Entered the Ecumenical Temple
  6730 | Temple   | Became a worshipper of Makhleb the Destroyer
  6799 | D:7      | Found a hazy altar of Hepliaklqana.
  6807 | D:7      | Killed Joseph
  6958 | D:7      | Found a shadowy altar of Dithmenos.
  7445 | D:7      | Reached skill level 10 in Spellcasting
  7756 | D:8      | Found a transporter.
  7795 | D:8      | Reached skill level 1 in Armour
  7814 | D:8      | Reached * piety under Makhleb
  8023 | D:8      | Found a transporter.
  8053 | D:8      | Noticed a kobold demonologist
  8414 | D:8      | Slain by a yak

Illustrated notes

Levels and vault maps discovered:
D:1:      dpeg_chamrin_arrival_tetris, layout_rooms, hangedman_decor_push,
          st_stairs_3, serial_bayou_lake_a
D:2:      layout_basic
D:3:      layout_loops_ring
D:4:      layout_basic, grunt_temple_overflow_forces_of_nature,
          mainiacjoe_overflow_paths, uniq_crazy_yiuf_cottage, uniq_natasha
D:5:      layout_basic, gammafunk_ghost_gnarly_gnolls,
          cheibrodos_sewer_entry_drain
D:6:      layout_loops_corners, minitemple, serial_undead, serial_undead_c,
          serial_undead_a, serial_undead_e, serial_undead_b, uniq_grinder
D:7:      layout_cave_pods, overflow_temple_1_default,
          nicolae_dithmenos_shadow_blocks, temple_green, uniq_maggie,
          uniq_joseph
D:8:      gammafunk_wand_slinger, layout_basic
Temple:   hellmonk_temple_beads

Skill      XL: |  1  2  3  4  5  6  7  8  9 10 |
---------------+-------------------------------+-----
Spellcasting   | 3 4 5 6 7 9 10 | 10.7
Stealth        | 2 |  2.0
Dodging        | 3 4 5 |  5.8
Short Blades   | 1 2 |  2.4
Fighting       | 1 2 |  2.6
Armour         | 2 |  2.3

Action                     |  1- 3 |  4- 6 |  7- 9 | 10-12 || total
---------------------------+-------+-------+-------+-------++-------
  Melee: Dagger            |    12 |    19 |    28 |     2 ||    61
   Cast: Foxfire           |    40 |    55 |    97 |    22 ||   214
         Kindle Blastspark |     2 |     2 |     6 |     6 ||    16
         Scorch            |     1 |    25 |    41 |    25 ||    92
         Summon Small Mamm |     1 |     2 |     2 |     1 ||     6
         Inner Flame       |     1 |     1 |     4 |     2 ||     8
         Flame Wave        |       |       |     9 |     8 ||    17
         Static Discharge  |       |       |     8 |    10 ||    18
         Cause Fear        |       |       |     1 |     2 ||     3
         Momentum Strike   |       |       |       |     2 ||     2
    Use: Scroll            |       |       |    14 |       ||    14
 Armour: Robe              |     3 |     4 |    10 |       ||    17
         Acid dragon scale |       |       |     3 |     9 ||    12
  Dodge: Dodged            |    27 |    41 |    86 |    33 ||   187

Table legend: (Time is in decaauts)
 A = Elapsed time spent in this place.
 B = Non-inter-level travel time spent in this place.
 C = Inter-level travel time spent in this place.
 D = Time resting spent in this place.
 E = Time spent auto-exploring this place.
 F = Levels seen in this place.
 G = Mean time per level.
                   A        B        C        D        E       F      G
               +--------+--------+--------+--------+--------+-----+--------+
         Total |   8411 |   8115 |    296 |    910 |   5849 |  10 |  841.1 |
       Dungeon |   7986 |   7729 |    257 |    910 |   5600 |   8 |  998.2 |
        Temple |    138 |     99 |     39 |      0 |     87 |   1 |  138.0 |
         Sewer |    286 |    286 |      0 |      0 |    162 |   1 |  286.0 |
               +--------+--------+--------+--------+--------+-----+--------+

Top non-repeatable levels by time:
     D:6: 1666 daAuts
     D:7: 1309 daAuts
     D:4: 1118 daAuts
     D:3: 1047 daAuts
     D:5: 794 daAuts
     D:8: 751 daAuts
     D:2: 717 daAuts
     D:1: 581 daAuts
   Sewer: 286 daAuts
  Temple: 138 daAuts
